 Dungeon Crawl Stone Soup version 0.26.0-10-g1f06aea511 (webtiles) character file.

Game seed: 16141010590649923014

2065 Dani the Cleaver (level 9, -5/61 (70) HPs)
             Began as a Minotaur Fighter on Feb 3, 2021.
             Was a Plaything of Xom.
             Slain by a sixfirhy (10 damage)
             ... summoned by Xom
             ... on level 1 of the Dungeon.
             The game lasted 00:10:00 (20781 turns).

Dani the Cleaver (Minotaur Fighter)                Turns: 20781, Time: 00:10:00

HP:   -5/61 (70)    AC: 14    Str: 24 (25) XL:     9   Next: 5%
MP:   8/8           EV:  7    Int:  5      God:    Xom [.....*]
Gold: 619           SH:  9    Dex:  9      Spells: 8/8 levels left

rFire    . . .     SeeInvis +   a - +0 war axe
rCold    + . .     Faith    .   c - +0 kite shield
rNeg     . . .     Spirit   .   b - +0 scale mail
rPois    .         Reflect  .   (helmet restricted)
rElec    .         Harm     .   z - +0 cloak
rCorr    .         Rampage  .   s - +0 pair of gloves
Will     .....                  h - +0 pair of boots
Stlth    ..........             L - amulet of Xom's Sleight of Hands {rC+ Regen+}
HPRegen  0.60/turn              (no ring)
MPRegen  0.11/turn              (no ring)

@: heavily drained
A: retaliatory headbutt, horns 2, talons 1, iridescent scales 2, see invisible,
high mp 1
a: Renounce Religion


You were on level 1 of the Dungeon.
You worshipped Xom.
You were Xom's teddy bear.
You visited 2 branches of the dungeon, and saw 8 of its levels.

You collected 619 gold pieces.

Inventory:

Hand Weapons
 a - a +0 war axe (weapon)
 B - a +0 vorpal flail
   (You took it off Edmund on level 5 of the Dungeon)
 E - a +0 hand axe of flaming
   (You took it off an orc on level 5 of the Dungeon)
Missiles
 Z - a throwing net (quivered)
Armour
 b - a +0 scale mail (worn)
 c - a +0 kite shield (worn)
 h - a +0 pair of boots (worn)
   (You found it on level 1 of the Dungeon)
 s - a +0 pair of gloves (worn)
   (You found it on level 2 of the Dungeon)
 z - a +0 cloak (worn)
   (You found it on level 4 of the Dungeon)
Jewellery
 l - a +4 ring of evasion
   (You took it off a hobgoblin on level 3 of the Dungeon)
 p - an uncursed ring of wizardry {unknown}
   (You found it on level 3 of the Dungeon)
 v - an uncursed ring of resist corrosion {unknown}
   (You found it on level 4 of the Dungeon)
 w - an uncursed ring of wizardry {unknown}
   (You found it on level 4 of the Dungeon)
 y - a cursed ring of teleportation {unknown}
   (You found it on level 4 of the Dungeon)
 C - the ring "Rimiq" {rC+ Dex+4, unknown}
   (You found it on level 5 of the Dungeon)

   [ring of protection from cold]

   It affects your dexterity (+4).
   It protects you from cold.
 I - an uncursed ring of protection from cold {unknown}
   (You found it on level 6 of the Dungeon)
 K - a cursed ring of attention {unknown}
   (You found it on level 6 of the Dungeon)
 L - the amulet of Xom's Sleight of Hands (around neck) {rC+ Regen+}
   (Xom gifted it to you on level 1 of the Dungeon)

   [amulet of regeneration]

   It protects you from cold.
   It increases your rate of regeneration.
Wands
 P - a wand of paralysis (5)
   (You found it on level 6 of the Dungeon)
Scrolls
 i - 8 scrolls of remove curse {unknown}
 k - a scroll of enchant armour {unknown}
 m - a scroll of identify {unknown}
 o - a scroll of immolation {unknown}
 q - a scroll of amnesia {unknown}
 r - 2 scrolls of fear {unknown}
 t - 2 scrolls of random uselessness {unknown}
 u - 2 scrolls of enchant weapon {unknown}
 x - a scroll of teleportation {unknown}
 A - 2 scrolls of blinking {unknown}
 G - a scroll of fog {unknown}
Potions
 d - 2 potions of might
 e - a potion of haste {unknown}
 f - a potion of attraction {unknown}
 g - 3 potions of curing {unknown}
 j - a potion of heal wounds {unknown}
 n - 2 potions of degeneration {unknown}
 D - 2 potions of lignification {unknown}
 F - a potion of brilliance {unknown}
 H - a potion of mutation {unknown}
 J - a potion of cancellation {unknown}
 M - 2 potions of flight {unknown}


   Skills:
 - Level 3.6 Fighting
 + Level 13.7 Axes
 - Level 3.6 Armour
 - Level 3.6 Shields


You had 8 spell levels left.
You didn't know any spells.
Your spell library was empty.

Dungeon Overview and Level Annotations

Branches:
Dungeon (7/15)             Temple (1/1) D:6

Altars:
Ashenzari
Cheibriados
Dithmenos
Fedhas
Gozag
Okawaru
Qazlal
Sif Muna
Trog
Uskayaw
Xom
Yredelemnul
The Shining One

Annotations:
D:7 3 runed translucent doors, Wendigo's ghost, novice VSFi


Innate Abilities, Weirdness & Mutations

You reflexively headbutt those who attack you in melee.
You have a pair of horns on your head.
You have sharp toenails.
You are mostly covered in iridescent scales. (AC +4)
You have supernaturally acute eyesight. (SInv)
You have an increased reservoir of magic. (+10% MP)


Message History

HP restored.
You start waiting. "Let me alter your body."
Your body is suffused with distortional energy.
Your body's shape seems more normal.
You are now a beloved toy of Xom.
You start waiting.
Done waiting.
You start waiting.
Done waiting.
You start waiting.
Done waiting.
You start waiting.
Done waiting.
You start waiting.
Done waiting.
You start waiting.
Done waiting.
You start waiting.
Done waiting.
You start waiting.
Done waiting.
You start waiting.
Done waiting.
You start waiting.
Done waiting.
You start waiting. "This place needs a little more atmosphere."
You start waiting. "Let me alter your body."
Your body is suffused with distortional energy.
You no longer feel cold resistant.
You regain control of your magic.
You start waiting.
Your trail of clouds dissipates.
You are a level 9 Minotaur Fighter.
You are 5% of the way to level 10.
Play time: 00:09:47 (20034 turns).
Zot will find you in 17749 turns if you stay in this branch and explore no new floors.
You start waiting.
Done waiting.
You start waiting.
Done waiting.
You start waiting.
Done waiting.
You start waiting.
Done waiting.
You start waiting.
You are now Xom's teddy bear.
You start waiting. "Go forth and redecorate, my child!"
You start waiting. "Take this instrument of something!"
Something appears at your feet!
There is a stone staircase leading down here.
Really walk into that cloud of seething chaos?
Okay, then.
You now have 619 gold pieces (gained 37).
You start waiting.
Your trail of clouds dissipates.
You start waiting.
Xom alters the dungeon around you.
You start waiting.
Xom is getting BORED.
You start waiting.
You are now a BORING thing.
You start waiting. "Fight to survive, mortal."
You are now Xom's teddy bear.
There are monsters nearby!
There are monsters nearby!
There are monsters nearby!
There are monsters nearby!
You miss the sixfirhy. You barely miss the ufetubus. The sixfirhy hits you!
The sixfirhy shocks you! The sixfirhy hits you!
* * * LOW HITPOINT WARNING * * *
The sixfirhy shocks you!
* * * LOW HITPOINT WARNING * * *
The sixfirhy closely misses you. The ufetubus barely misses you. x2
You are too injured to fight recklessly!
You are too injured to fight recklessly!
You are too injured to fight recklessly!
You are too injured to fight recklessly!
You are too injured to fight recklessly!
You barely miss the sixfirhy. You slash the ufetubus! You miss the sixfirhy.
Your headbutt misses the sixfirhy. You closely miss the crimson imp.
You hit the crimson imp. You block the sixfirhy's attack.
The sixfirhy hits you but does no damage.
The sixfirhy hits you.
* * * LOW HITPOINT WARNING * * *
The sixfirhy shocks you!
* * * LOW HITPOINT WARNING * * *
The crimson imp laughs crazily.
The crimson imp blinks!
You block the sixfirhy's attack.
The ufetubus hits you but does no damage.
The ufetubus completely misses you.
You barely miss the sixfirhy. You hit the ufetubus.
You kill the ufetubus!
You hit the crimson imp. You miss the sixfirhy.
You block the sixfirhy's attack. The sixfirhy hits you!
You die...

####### #.....#
#...[.###############
#..............5..._#
#.....###__.......###
#.....# #.........#
#.....# #..._§33.##
###.....# #.....@5.#
........###.##.##..#
###.....##......#.##
..)...####_.......# ###
................#####.#
.....#####.†....##....#
....## #......#..##.#
....# ##..#....###.#
....# #####..#.#####..#


You could see 2 sixfirhies and 2 crimson imps.

Vanquished Creatures
  An elephant (D:7)
  Eustachio (D:6)
  Edmund (D:5)
  A sky beast (D:6)
  An ice beast (D:7)
  2 black bears (D:6)
  2 bullfrogs (D:7)
  4 scorpions
  A howler monkey (D:5)
  A bullfrog zombie (D:5)
  A jelly (D:7)
  A quasit (D:7)
  5 hounds
  An iguana (D:4)
  4 orc wizards
  4 worker ants
  Terence (D:3)
  A hound skeleton (D:5)
  3 worker ant zombies
  5 adders
  2 shadow imps
  3 white imps
  5 ufetubi
  An ooze (D:2)
  3 dart slugs (D:1)
  5 worms
  4 leopard geckos
  22 orcs
  2 ball pythons
  5 bats
  7 giant cockroaches
  10 goblins
  6 hobgoblins
  12 kobolds
  2 quokkas
  A frilled lizard (D:5)
  6 rats
137 creatures vanquished.

Vanquished Creatures (others)
  An orc (D:7)
1 creature vanquished.

Grand Total: 138 creatures vanquished

Notes
Turn   | Place    | Note
-------+----------+-------------------------------------------
     0 | D:1      | Dani the Minotaur Fighter began the quest for the Orb.
     0 | D:1      | Reached XP level 1. HP: 19/19 MP: 0/0
    64 | D:1      | Reached skill level 3 in Axes
   147 | D:1      | Reached XP level 2. HP: 26/26 MP: 1/1
   376 | D:1      | Reached skill level 4 in Axes
   586 | D:2      | Reached XP level 3. HP: 26/31 MP: 2/2
   588 | D:2      | Found a stormy altar of Qazlal.
   888 | D:2      | Reached skill level 5 in Axes
  1127 | D:2      | You fall into a shaft and drop 1 floor!
  1130 | D:3      | Reached XP level 4. HP: 39/39 MP: 3/3
  1133 | D:3      | Noticed Terence
  1145 | D:3      | Killed Terence
  1536 | D:3      | Reached skill level 6 in Axes
  2604 | D:2      | Reached XP level 5. HP: 45/45 MP: 4/4
  2674 | D:4      | Found a broken altar of Ashenzari.
  2749 | D:4      | Reached skill level 7 in Axes
  2951 | D:4      | Reached XP level 6. HP: 47/51 MP: 5/5
  2993 | D:4      | Found a bloodstained altar of Trog.
  3254 | D:4      | You fall into a shaft and drop 1 floor!
  3254 | D:5      | Entered Level 5 of the Dungeon
  3254 | D:5      | Found a blossoming altar of Fedhas.
  3255 | D:5      | Found a hide-covered altar of Uskayaw.
  3262 | D:5      | Reached skill level 8 in Axes
  3300 | D:5      | Noticed Edmund
  3309 | D:5      | Killed Edmund
  3310 | D:5      | Reached skill level 9 in Axes
  3482 | D:5      | Reached XP level 7. HP: 57/57 MP: 6/6
  3515 | D:5      | Got a translucent golden ring
  4090 | D:5      | Reached skill level 10 in Axes
  4872 | D:6      | Found a stormy altar of Qazlal.
  5091 | D:6      | Noticed Eustachio
  5108 | D:6      | Killed Eustachio
  5109 | D:6      | Reached skill level 11 in Axes
  5109 | D:6      | Reached XP level 8. HP: 54/64 MP: 7/7
  5468 | D:6      | Reached skill level 12 in Axes
  5595 | D:6      | Found a staircase to the Ecumenical Temple.
  5604 | Temple   | Entered the Ecumenical Temple
  5622 | Temple   | Became a worshipper of Xom of Chaos
  6452 | D:1      | XOM: divination: magic mapping
  7132 | D:1      | XOM: cloud trail
  7444 | D:1      | XOM: god gift: 44 gold pieces
  7517 | D:1      | XOM: cloud trail
  7565 | D:1      | XOM: stat loss: -1 Int (4/5)
  7678 | D:1      | XOM: scenery: summon butterflies
  7715 | D:1      | XOM: polymorph butterfly -> bat
  8096 | D:1      | XOM is BORED!
  8140 | D:1      | XOM: god gift: 41 gold pieces
  8440 | D:1      | XOM: scenery: summon butterflies
  8711 | D:1      | XOM: scenery: summon butterflies
  9098 | D:1      | XOM: give mutations
  9098 | D:1      | Gained mutation: Armour fits poorly on your strangely
                  | shaped body. [Xom's mischief]
  9098 | D:1      | Gained mutation: You are clumsy. (Dex -2) [Xom's mischief]
  9098 | D:1      | Gained mutation: You are frail. (-10% HP) [Xom's mischief]
  9098 | D:1      | Gained mutation: You are weak. (Str -2) [Xom's mischief]
  9177 | D:1      | XOM: give mutations
  9177 | D:1      | Gained mutation: You have sharp toenails. [Xom's grace]
  9177 | D:1      | Gained mutation: Your flesh is cold resistant. (rC+) [Xom's
                  | grace]
  9177 | D:1      | Gained mutation: Your spells are a little harder to cast,
                  | but a little more powerful. [Xom's grace]
  9220 | D:1      | XOM: cloud trail
  9568 | D:1      | XOM: 1-stop teleportation journey
  9978 | D:1      | XOM: god gift: shimmering copper amulet {god gift}
  9981 | D:1      | Got a shimmering copper amulet {god gift}
  9987 | D:1      | Identified the amulet of Xom's Sleight of Hands {rC+
                  | Regen+} (Xom gifted it to you on level 1 of the Dungeon)
 10421 | D:1      | XOM: divination: detect creatures
 11044 | D:1      | XOM: draining
 11114 | D:1      | XOM: draining
 11451 | D:1      | XOM: summons 1 hostile shadow creature
 11523 | D:1      | XOM is BORED!
 11523 | D:1      | XOM: torment (21/39 hp)
 11961 | D:1      | XOM is BORED!
 11961 | D:1      | XOM: torment (21/39 hp)
 12321 | D:1      | XOM: give mutations
 12321 | D:1      | Lost mutation: You are clumsy. (Dex -2) [Xom's grace]
 12321 | D:1      | Gained mutation: You are partially covered in iridescent
                  | scales. (AC +2) [Xom's grace]
 12463 | D:1      | XOM: cloud trail
 12796 | D:1      | XOM: scenery: create altars
 12921 | D:1      | XOM: cloud trail
 13249 | D:1      | XOM: cloud trail
 13560 | D:1      | XOM: scenery: summon butterflies
 13671 | D:1      | XOM: give mutations
 13671 | D:1      | Gained mutation: You are mostly covered in iridescent
                  | scales. (AC +4) [Xom's grace]
 13671 | D:1      | Lost mutation: You are weak. (Str -2) [Xom's grace]
 13671 | D:1      | Gained mutation: You have supernaturally acute eyesight.
                  | (SInv) [Xom's grace]
 14253 | D:1      | XOM: cloud trail
 14358 | D:1      | XOM: divination: detect creatures
 14644 | D:1      | XOM is BORED!
 14644 | D:1      | XOM: noise
 14752 | D:1      | XOM: scenery: create altars
 14994 | D:1      | XOM: give mutation
 14994 | D:1      | Gained mutation: You have an increased reservoir of magic.
                  | (+10% MP) [Xom's grace]
 15568 | D:1      | XOM: divination: magic mapping
 15591 | D:1      | XOM: summons 5 hostile demons
 15595 | D:1      | XOM: smoke on damage
 15702 | D:5      | XOM is BORED!
 16009 | D:7      | Found a runed translucent gate.
 16010 | D:7      | Found a runed translucent gate.
 16010 | D:7      | Noticed Wendigo's ghost (novice VSFi)
 16011 | D:7      | Found a runed translucent gate.
 16011 | D:7      | Noticed a death knight
 16136 | D:7      | Noticed a two-headed ogre
 16136 | D:7      | XOM: divine lightning
 16142 | D:7      | Noticed an elephant
 16142 | D:7      | a two-headed ogre changed into an elephant
 16142 | D:7      | XOM: polymorph two-headed ogre -> elephant
 16148 | D:7      | XOM: chaos cloud
 16156 | D:7      | Killed an elephant
 16157 | D:7      | Reached skill level 13 in Axes
 16167 | D:7      | XOM: confusion
 16191 | D:7      | Reached XP level 9. HP: 35/63 MP: 8/8
 16193 | D:7      | Noticed a kobold demonologist
 16292 | D:7      | XOM: noise
 17551 | D:1      | XOM is BORED!
 17606 | D:1      | XOM: draining
 18189 | D:1      | XOM: stat loss: -1 Str (24/25)
 18819 | D:1      | XOM: give mutation
 18819 | D:1      | Lost mutation: You are frail. (-10% HP) [Xom's mischief]
 18901 | D:1      | XOM: give mutation
 18901 | D:1      | Lost mutation: Armour fits poorly on your strangely shaped
                  | body. [Xom's mischief]
 19946 | D:1      | XOM: cloud trail
 20019 | D:1      | XOM: give mutations
 20019 | D:1      | Lost mutation: Your flesh is cold resistant. (rC+) [Xom's
                  | mischief]
 20019 | D:1      | Lost mutation: Your spells are a little harder to cast, but
                  | a little more powerful. [Xom's mischief]
 20543 | D:1      | XOM: cloud trail
 20584 | D:1      | XOM: god gift: 37 gold pieces
 20679 | D:1      | XOM: scenery: create altars
 20777 | D:1      | XOM is BORED!
 20777 | D:1      | XOM: summons 5 hostile demons
 20778 | D:1      | Noticed a sixfirhy
 20778 | D:1      | Noticed a sixfirhy
 20780 | D:1      | HP: 15/61 [sixfirhy[Xom] (6)]
 20780 | D:1      | HP: 4/61 [sixfirhy[Xom] (11)]
 20781 | D:1      | Slain by a sixfirhy

Illustrated notes

Levels and vault maps discovered:
D:1:      wheals_arrival_shading, layout_rooms
D:2:      kennysheep_the_goblin_king, layout_loops_cross, grunt_qazlal_sundering
D:3:      layout_loops_corners, serial_glass, glass_columns_b, glass_columns_a,
          uniq_terence
D:4:      layout_loops_cross, cheibrodos_ashenzari_chains,
          lightli_temple_of_fire, patterned_corridor
D:5:      layout_basic, gammafunk_temple_overflow_pools, nzn_random_ring,
          uniq_edmund
D:6:      layout_loops_ring, overflow_temple_1_default,
          minmay_temple_entry_poolview, uniq_eustachio
D:7:      layout_basic, grunt_temple_overflow_order_and_chaos_2,
          gammafunk_ghost_split, kb_rosetta
Temple:   nicolae_temple_god_jail

Skill      XL: |  1  2  3  4  5  6  7  8 |
---------------+-------------------------+-----
Axes           | 3 4 5 6 7 9 11 13 | 13.7
Fighting       | |  3.6
Armour         | |  3.6
Shields        | |  3.6

Action                   |  1- 3 |  4- 6 |  7- 9 || total
-------------------------+-------+-------+-------++-------
Melee: War axe           |    55 |   107 |   233 ||   395
       Headbutt          |     8 |    15 |    29 ||    52
Armor: Scale mail        |    20 |    39 |   113 ||   172
Dodge: Dodged            |    24 |    31 |    73 ||   128
Block: Kite shield       |    29 |    51 |   121 ||   201

Table legend: (Time is in decaauts)
 A = Elapsed time spent in this place.
 B = Non-inter-level travel time spent in this place.
 C = Inter-level travel time spent in this place.
 D = Time resting spent in this place.
 E = Time spent auto-exploring this place.
 F = Levels seen in this place.
 G = Mean time per level.
                   A        B        C        D        E       F      G
               +--------+--------+--------+--------+--------+-----+--------+
         Total |  20839 |  20222 |    617 |  14402 |   4827 |   8 | 2604.9 |
       Dungeon |  20806 |  20203 |    603 |  14402 |   4816 |   7 | 2972.3 |
        Temple |     32 |     18 |     14 |      0 |     11 |   1 |   32.0 |
               +--------+--------+--------+--------+--------+-----+--------+

Top non-repeatable levels by time:
     D:1: 14740 daAuts
     D:5: 1360 daAuts
     D:3: 1298 daAuts
     D:6: 1108 daAuts
     D:2: 1036 daAuts
     D:4: 864 daAuts
     D:7: 398 daAuts
  Temple: 32 daAuts

Table legend:
 A = Kills in this place as a percentage of kills in entire the game.
 B = Kills by you in this place as a percentage of kills by you in the entire game.
 C = Kills by friends in this place as a percentage of kills by friends in the entire game.
 D = Other kills in this place as a percentage of other kills in the entire game.
 E = Experience gained in this place as a percentage of experience gained in the entire game.
 F = Experience gained in this place divided by the number of levels of this place that you have seen.
                   A       B       C       D       E      F
               +-------+-------+-------+-------+-------+----------------------
         Total | 100.0 | 100.0 |   N/A |   N/A | 100.0 | 368.9
       Dungeon | 100.0 | 100.0 |   N/A |   N/A | 100.0 | 421.6
               +-------+-------+-------+-------+-------+----------------------
